Unix NetHack Version 5.0.0-0 post-release - last build Jun 10 2026 00:39:30 (3ee93aec679c4c4259841fe613dc97188e26a321,branch:main).

Game began 2026-06-13 15:00:01, ended 2026-06-15 14:39:16.

Fletchius, lawful female dwarven Archeologist

                                                    ----    ----
                ---                       ---       |..--   |..
              ---.---  ---               --..---    |...--- |..
           ----.....---..|               |......- ---.....| |.-      *
          --.|.......|...---              -......--.......|--.|   *
          |.....---........|              |...............--..--
          |.....| |........|                -(.................-----
         --.....--|.......--   $  $         |....................%.-------
         |.......---..--..|                 | |................---."*....|  .--
         |.........G..----|---                |.................|-------.---..
         --.............|.--.--- --  -------  ---..............--   |.....|..-
        ---..--..---...........| |.---..|...    |-......"......|    |-......-
        |....|---- --......G...--|........----- |..............|    |....(..|
        |....--     |...........|--......---..---.....---......-    |..|.|<--
        --....|     |...G.......--......-..^..........| -.......-   --------
         --..--     --...............?..............--- .........|
         --..----    ---.........--....[....--#...!.---|........--
         |......| *    --......--|.........-- |.......--........|      $
         --.--..###d#%##[)@@..-- |.....--..|  --....$.........--- * $$
          -------        --.---  ---.-------   ---.--.---.--..|
                          ---      ---           --- -- -------
Fletchius the Investigator  St:14 Dx:9 Co:14 In:16 Wi:16 Ch:11  Lawful
Dlvl:8  $:575 HP:0(45) Pw:20(20) AC:5  Xp:6 T:3177  Fly

Latest messages:
 (For instructions type a '?')
 Done.
 The Woodland-elf wields a thonged club!
 The Woodland-elf secures the tether on the thonged club.
 You hit the gnome mummy!
 You hit the gnome mummy!
 The gnome mummy hits!
 You hit the gnome mummy!
 The gnome mummy hits!
 You destroy the gnome mummy!
 You start digging.
 You hit the rock with all your might.
 You make an opening in the wall.
 The Woodland-elf wields a thonged club!
 The Woodland-elf secures the tether on the thonged club.
 You hit the Woodland-elf!
 The Woodland-elf swings his thonged club.
 The Woodland-elf hits!
 You kill the Woodland-elf!
 There are several objects here.
 There is a Woodland-elf corpse here; eat it? [ynq] (n) y
 Blecch!  Rotten food!
 You feel rather light headed.
 You stop eating the Woodland-elf corpse.
 There is a partly eaten Woodland-elf corpse here; eat it? [ynq] (n) y
 You consume the last bite of your meal.
 You finish eating the Woodland-elf corpse.
 What do you want to read? [j or ?*] ?
 What do you want to read? [j or ?*] <enter>
 Never mind.
 The Woodland-elf hurls a potion of sleeping!
 The jar crashes on your head and breaks into shards.
 The potion of sleeping evaporates.
 You feel rather tired.
 The Woodland-elf throws a runed dagger!
 You are hit by a runed dagger.
 You feel less confused now.
 You can move again.
 The Woodland-elf wields a runed broadsword!
 The runed broadsword welds itself to the Woodland-elf's hand!
 The Woodland-elf swings his runed broadsword.
 The Woodland-elf hits!
 You hit the Woodland-elf!
 The Woodland-elf swings his runed broadsword.
 The Woodland-elf hits!
 You hit the Woodland-elf.
 The Woodland-elf swings his runed broadsword.
 The Woodland-elf hits!
 You die...
 Do you want your possessions identified? [ynq] (y) q

Inventory:
 Coins    ('$')
  $ - 575 gold pieces
 Amulets  ('"')
  H - an uncursed amulet of flying (being worn)
 Weapons  (')')
  a - a +2 bullwhip (alternate weapon; not wielded)
 Armor    ('[')
  p - an uncursed +0 orcish helm (being worn)
  I - an uncursed +0 cloak of invisibility
  w - an uncursed +0 scale mail (being worn)
 Comestibles  ('%')
  A - an uncursed carrot
  d - 4 uncursed food rations
  k - an uncursed fortune cookie
 Scrolls  ('?')
  j - an uncursed scroll of light
 Potions  ('!')
  E - an uncursed potion of levitation
 Rings    ('=')
  f - an uncursed +2 ring of gain constitution
  y - an uncursed ring of sustain ability
 Wands    ('/')
  v - a wand of fire (0:6)
  z - a wand of magic missile (0:7)
  s - a wand of magic missile (0:3)
  P - a cursed wand of sleep (0:0)
 Tools    ('(')
  h - an empty uncursed sack
  N - a cursed magic lamp (lit)
  e - a +1 pick-axe (weapon in right hand)
 Gems/Stones  ('*')
  l - an uncursed agate stone
  i - an uncursed obsidian stone
  g - an uncursed touchstone

Fletchius the Archeologist's attributes:

Background:
 You were an Investigator, a level 6 female dwarven Archeologist.
 You were lawful, on a mission for Quetzalcoatl
 who was opposed by Camaxtli (neutral) and Huhetotl (chaotic).
 You were right-handed.
 You were in the Gnomish Mines, on level 8.
 You entered the dungeon 3177 turns ago.
 There was a new moon in effect when your adventure ended.
 You had 359 experience points, 281 more were needed to attain level 7.

Basics:
 You had 0 out of 45 hit points.
 You had all 20 energy points (spell power).
 Your armor class was 5.
 Your wallet contained 575 zorkmids.
 Autopickup was off.

Final Characteristics:
 Your strength was 14 (limit:18/100).
 Your dexterity was 9 (limit:20).
 Your constitution was 14 (limit:20).
 Your intelligence was 16 (limit:16).
 Your wisdom was 16 (limit:16).
 Your charisma was 11 (limit:16).

Final Status:
 You were flying.
 You weren't hungry.
 You were unencumbered.
 You were wielding a pick-axe.
 You were skilled in pick-axe.

Final Attributes:
 You were piously aligned.
 You had automatic searching.
 You had infravision.
 You were stealthy.
 You were warded.
 You are dead.

Miscellaneous:
 You encountered 1 bones level.
 Total elapsed playing time was 1 hour and 54 minutes.

Major events:
 Turn
    1: Fletchius the lawful female dwarven Archeologist entered the dungeon
  951: attained the rank of Field Worker (level 3)
 1499: entered the Gnomish Mines
 2429: reached Mine Town
 3143: attained the rank of Investigator (level 6)
 3177: killed by a Woodland-elf

You didn't know any spells.

Skills:
 Fighting Skills
   bare handed combat [Unskilled]
   two weapon combat  [Unskilled]
   riding             [Unskilled]
 Weapon Skills
   dagger             [Unskilled]
   knife              [Unskilled]
   pick-axe           [Skilled]
   short sword        [Unskilled]
   saber              [Unskilled]
   club               [Unskilled]
   quarterstaff       [Unskilled]
   sling              [Unskilled]
   dart               [Unskilled]
   boomerang          [Unskilled]
   whip               [Basic]
   unicorn horn       [Unskilled]
 Spellcasting Skills
   attack spells      [Unskilled]
   healing spells     [Unskilled]
   divination spells  [Unskilled]
   matter spells      [Unskilled]

Voluntary challenges:
 Character rerolling was not enabled.
 You never genocided any monsters.
 You never polymorphed an object.
 You never changed form.
 You used no wishes.
Achievements:
 You attained the rank of Field Worker.
 You entered the Gnomish Mines.
 You entered Minetown.
 You entered a temple.
 You entered a shop.
 You attained the rank of Investigator.

 The Dungeons of Doom: levels 1 to 4
    Level 1:
    Level 2:
       Many fountains.
    Level 3:
       A fountain.
       Stairs down to The Gnomish Mines.
    Level 4:
 The Gnomish Mines: levels 4 to 8
    Level 4:
    Level 5:
    Level 6:
    Level 7:
       Many shops, a temple and an altar, some fountains, a grave.
       Final resting place for
          DiePARTEI-Tou-Hum-Fem-Neu, killed by a dwarf.
    Level 8: <- You were here.
       Final resting place for
          you, killed by a Woodland-elf.


Vanquished creatures:
  a ghost
  a small mimic
  a giant spider
 an orc mummy
  a gnome mummy
  a Woodland-elf
  a water nymph
  a mountain nymph
  a rock piercer
  a shrieker
  a violet fungus
  2 gnome leaders
  2 gnomish wizards
  a ghoul
  a little dog
  2 dwarves
  a homunculus
  a kobold shaman
  a giant bat
  4 dwarf zombies
  a werejackal
 an iguana
  a killer bee
  2 acid blobs
  a hobgoblin
  a giant rat
  2 cave spiders
  a green mold
  2 red molds
 21 gnomes
  a gnome zombie
  3 geckos
  a fox
  a kobold
  2 goblins
  6 grid bugs
  6 lichens
  a kobold zombie
  3 newts
83 creatures vanquished.

No species were genocided or became extinct.

Game over:
                       ----------
                      /          \
                     /    REST    \
                    /      IN      \
                   /     PEACE      \
                  /                  \
                  |    Fletchius     |
                  |      575 Au      |
                  |   killed by a    |
                  |   Woodland-elf   |
                  |                  |
                  |                  |
                  |       2026       |
                 *|     *  *  *      | *
        _________)/\\_//(\/(/\)/\//\/|_)_______

Goodbye Fletchius the Archeologist...

You died in The Gnomish Mines on dungeon level 8 with 2384 points,
and 575 pieces of gold, after 3177 moves.
You were level 6 with a maximum of 45 hit points when you died.

